 Dungeon Crawl Stone Soup version 0.25-a0-424-g80bd347 (webtiles) character file.

Game seed: 201726416337805961, levelgen mode: deterministic

274476 FeloniousTub the Severer (level 19, -10/177 HPs)
             Began as a Minotaur Berserker on Jan 21, 2020.
             Was a High Priest of Trog.
             Mangled by a deep troll shaman (23 damage)
             ... on level 2 of the Depths on Jan 23, 2020.
             The game lasted 02:00:55 (39256 turns).

FeloniousTub the Severer (Minotaur Berserker)      Turns: 39256, Time: 02:00:55

Health: -10/177    AC: 38    Str: 28    XL:     19   Next: 53%
Magic:  28/28      EV: 17    Int:  4    God:    Trog [*****.]
Gold:   1598       SH: 26    Dex: 18    Spells: 18/18 levels left

rFire    + . .     SeeInvis .   a - +8 broad axe (vorpal)
rCold    + + .     Gourm    .   r - +3 large shield
rNeg     . . .     Faith    +   B - +9 plate armour {rC+}
rPois    +         Spirit   .   J - +2 hat
rElec    +         Reflect  .   e - +2 cloak
rCorr    +         Harm     .   k - +1 pair of gloves
MR       +....                  S - +1 pair of boots
Stlth    ..........             N - amulet of Kuts {Faith rPois Str+4}
HPRegen  0.39/turn              O - ring of Contention {rElec rPois rF+ rC+ Dex+2}
MPRegen  0.21/turn              g - ring of resist corrosion

@: berserk cooldown, very slightly contaminated, invisible
A: retaliatory headbutt, horns 2
}: 2/15 runes: serpentine, barnacled
a: Berserk, Trog's Hand, Brothers in Arms, Renounce Religion


You were on level 2 of the Depths.
You worshipped Trog.
Trog was extremely pleased with you.
You were near starving.

You visited 7 branches of the dungeon, and saw 34 of its levels.
You visited the Abyss 1 time.
You visited 1 bazaar.
You also visited: Gauntlet.

You collected 3104 gold pieces.
You spent 1506 gold pieces at shops.

Inventory:

Hand Weapons
 a - a +8 vorpal broad axe (weapon)
 b - a +0 broad axe of flaming
Missiles
 I - 6 throwing nets (quivered)
Armour
 e - a +2 cloak (worn)
 k - a +1 pair of gloves (worn)
 p - a +4 scale mail of fire resistance
 r - a +3 large shield (worn)
 B - a +9 plate armour of cold resistance (worn)
 J - a +2 hat (worn)
 S - a +1 pair of boots (worn)
Jewellery
 g - a ring of resist corrosion (right hand)
 m - an uncursed ring of see invisible
 y - an uncursed ring of poison resistance
 N - the amulet of Kuts (around neck) {Faith rPois Str+4}
   (You bought it in a shop in a bazaar)

   [amulet of faith]

   It allows you to gain divine favour quickly.
   It affects your strength (+4).
   It protects you from poison.
 O - the ring of Contention (left hand) {rElec rPois rF+ rC+ Dex+2}
   (You found it on level 4 of the Lair of Beasts)

   [ring of poison resistance]

   It affects your dexterity (+2).
   It protects you from fire.
   It protects you from cold.
   It insulates you from electricity.
   It protects you from poison.
 R - a +3 ring of intelligence {unknown}
 U - a +3 ring of strength {unknown}
 Z - an uncursed amulet of the gourmand
Wands
 f - a wand of digging (16)
 h - a wand of clouds (5)
 u - a wand of iceblast (54)
 v - a wand of flame (70)
 w - a wand of disintegration (14)
 z - a wand of paralysis (19)
 E - a wand of acid (33)
 Q - a wand of scattershot (15)
Scrolls
 i - 19 scrolls of remove curse
 j - a scroll of silence
 l - 17 scrolls of teleportation
 n - 2 scrolls of identify
 o - 5 scrolls of immolation
 F - 6 scrolls of fear
 G - 5 scrolls of fog
 H - 2 scrolls of enchant weapon
 K - 5 scrolls of magic mapping
 P - 3 scrolls of summoning
 T - a scroll of enchant armour
 X - 2 scrolls of holy word
Potions
 d - 9 potions of agility
 q - 3 potions of invisibility
 s - 7 potions of haste
 t - 4 potions of lignification
 x - a potion of cancellation
 A - 6 potions of flight
 C - 7 potions of brilliance
 L - a potion of ambrosia
 M - 2 potions of resistance
 W - 2 potions of might
Comestibles
 c - 50 rations


   Skills:
 + Level 17.2 Fighting
   Level 3.8 Short Blades
 - Level 18.0 Axes
 + Level 17.0 Armour
 + Level 15.8 Dodging
 + Level 16.8 Shields
 + Level 13.3 Evocations


You had 18 spell levels left.
You didn't know any spells.
Your spell library was empty.

Dungeon Overview and Level Annotations

Branches:
Dungeon (15/15)            Temple (0/1) D:6            Lair (6/6) D:9
 Shoals (4/4) Lair:2        Snake (4/4) Lair:2        Slime (0/5) Lair:6
    Orc (2/2) D:11            Elf (0/3) Orc:2        Vaults (0/5) D:14
 Depths (2/5) D:15           Hell (visited)         Gauntlet (visited)
    Dis: Hell:1         Geh: Hell:1         Coc: Hell:1         Tar: Hell:1

Altars:
Ashenzari
Dithmenos
Fedhas
Gozag
Makhleb
Qazlal
Trog
Vehumet
Xom
Yredelemnul
The Shining One
Beogh

Shops:
D:14 *   Orc:2 %*}(   Shoals:4 *   Snake:3 [   Snake:4 [*

Portals:
Hell: Lair:6 Depths:1

Annotations:
D:9 exclusion: statue
Lair:3 exclusion: 3 oklob plants
Snake:4 3 runed translucent doors, exclusion: obsidian statue, 2tousent's ghost, adept DrTm
Hell Geryon


Innate Abilities, Weirdness & Mutations

You reflexively headbutt those who attack you in melee.
You have a pair of horns on your head.


Message History

The yaktaur dissolves into shadows!
You slash the deep troll shaman! You headbutt the deep troll shaman.
The deep troll shaman is severely wounded.
You block the deep troll shaman's attack. x3
Your shield and plate armour prevent you from hitting the deep troll shaman.
The deep troll shaman is severely wounded.
You block the deep troll shaman's attack.
The deep troll shaman claws you but does no damage.
You block the deep troll shaman's attack.
The stone giant throws a large rock.
The large rock hits the deep troll shaman!
You closely miss the deep troll shaman.
The deep troll shaman is almost dead.
You block the deep troll shaman's attack. x2
The deep troll shaman claws you but does no damage.
You closely miss the deep troll shaman.
Your headbutt misses the deep troll shaman.
The deep troll shaman is almost dead.
The deep troll shaman bites you!!
You die...

.. ##.##.# ..#
#...#.# #..
#..##.# ...
#..##.###
..###.......#.#.
#Hg#...<.......#
#c)#.#.....#.###
######cc#T#####.#
.......†CC(.(T@..#
.......#c#########
...#.#.#.. ##
#.#(#c.# # #.....
....### #.... ####


You could see 2 stone giants, 2 deep troll shamans and 3 yaktaurs.

Vanquished Creatures
  Mara (Snake:4)
  Vashnia (Snake:4)
  Jorgrun (D:14)
  Gastronok (D:11)
  A tentacled starspawn (Abyss:2)
  Kirke (Shoals:2)
  7 nagarajas (Snake:4)
  Agnes (Snake:4)
  Donald (Snake:4)
  A fire giant (Depths:1)
  Aizul (Snake:3)
  A juggernaut zombie (D:15)
  3 frost giants (Depths:1)
  6 stone giants
  3 very ugly things (Depths:1)
  A vampire knight (Depths:2)
  3 dire elephants
  A minotaur (Gauntlet)
  Snorg (D:14)
  6 merfolk impalers
  A quicksilver dragon zombie (D:15)
  5 merfolk javelineers
  2 ettins
  3 fire dragons (Depths:1)
  2 great orbs of eyes (Depths:1)
  A rakshasa (Depths:1)
  Fannar (D:12)
  6 hydras
  11 naga warriors
  A merfolk avatar (Shoals:3)
  An alligator snapping turtle (Shoals:3)
  3 vault guards (D:14)
  13 anacondas
  3 satyrs
  5 centaur warriors
  A death yak (Lair:6)
  22 two-headed ogres
  6 ogre magi
  2 deep troll earth magi (Depths:1)
  A queen ant (Lair:2)
  5 merfolk aquamancers
  A death knight (D:15)
  15 naga sharpshooters
  A tengu warrior (D:13)
  A titan zombie (D:15)
  A vampire mage (D:15)
  An orc high priest (Orc:1)
  5 shock serpents
  6 skeletal warriors
  A sixfirhy (Lair:6)
  A hell knight (Depths:1)
  A salamander mystic (Snake:3)
  A storm dragon skeleton (D:15)
  14 sea snakes
  5 wizards
  A deep elf archer (D:14)
  2 necromancers (D:15)
  A lindwurm (Lair:4)
  12 naga ritualists
  A fire giant zombie (D:15)
  16 harpies
  A wolf spider zombie (D:15)
  3 orc knights
  A deep elf mage (D:15)
  20 ugly things
  3 orc sorcerers
  11 mana vipers
  9 manticores
  6 salamanders
  12 fauns
  11 cyclopes
  4 water nymphs
  3 guardian serpents
  5 merfolk sirens
  32 naga magi
  11 elephants
  37 black mambas
  2 torpor snails
  A spiny frog (shapeshifter) (Depths:1)
  14 spiny frogs
  3 orange demons (Lair:6)
  5 rime drakes
  A redback zombie (D:15)
  3 kobold demonologists (D:14)
  10 yaktaurs
  5 komodo dragons
  An ice devil (Lair:6)
  A red devil (Lair:6)
  A hellwing (Lair:6)
  4 tengu conjurers
  27 merfolk
  5 wind drakes
  A polar bear (Lair:3)
  4 trolls
  6 meliai
  2 queen bees
  Prince Ribbit (Lair:2)
  15 blink frogs
  8 slime creatures
  9 snapping turtles
  Grinder (D:3)
  5 dream sheep (Lair:6)
  6 hippogriffs
  2 wyverns
  45 yaks
  9 flying skulls (Gauntlet)
  A vampire (D:13)
  10 water elementals
  4 hogs (Shoals:2)
  3 wraiths
  A ynoxinul (Abyss:2)
  2 humans
  A chaos spawn (Abyss:2)
  2 basilisks
  4 hungry ghosts
  Grum (D:11)
  2 wargs
  2 acid dragons (D:14)
  14 soldier ants
  5 hell hounds (Lair:6)
  40 nagas
  23 water moccasins
  Duvessa (D:5)
  12 porcupines
  4 black bears
  5 ice beasts
  6 sky beasts
  21 orc warriors
  2 phantoms
  34 ogres
  15 wolves
  5 boggarts
  An eye of draining (D:5)
  A necrophage (D:8)
  16 centaurs
  15 crocodiles
  6 big kobolds
  20 bullfrogs
  A wyvern zombie (D:14)
  A wyvern skeleton (D:12)
  3 scorpions
  Dowan (D:5)
  2 vampire bats (D:5)
  16 killer bees
  10 wights
  5 electric eels
  6 howler monkeys
  8 jellies
  3 centaur zombies
  14 crimson imps
  13 orc priests
  7 hounds
  A bullfrog zombie (D:9)
  18 orc wizards
  5 centaur skeletons
  Crazy Yiuf (D:5)
  A bullfrog skeleton (D:7)
  An iguana (D:10)
  Ijyb (D:3)
  Natasha (thrice) (D:3)
  42 worker ants
  A hound zombie (D:8)
  3 hound skeletons
  A howler monkey skeleton (D:5)
  15 adders
  5 gnolls
  3 shadow imps
  2 oozes
  5 adder skeletons
  A dart slug (D:1)
  8 leopard geckos
  104 orcs
  2 ball pythons (Lair:2)
  2 giant cockroaches
  13 goblins
  9 hobgoblins
  9 jackals
  4 quokkas
  15 bats
  4 frilled lizards
  13 kobolds
  A quokka skeleton (D:8)
  7 rats
  8 fungi
  8 plants
1275 creatures vanquished.

Vanquished Creatures (collateral kills)
  A golden dragon (Depths:2)
  2 hydras
  2 death yaks (Lair:6)
  A spriggan berserker (Depths:2)
  A yaktaur (Depths:2)
  A porcupine (Lair:1)
  2 fungi (D:9)
10 creatures vanquished.

Vanquished Creatures (others)
  Nikola (Snake:4)
  An iron dragon (Depths:2)
  A human (Shoals:2)
  A naga (Snake:4)
  A crimson imp (D:6)
  A centaur skeleton (D:6)
  2 jackals (D:6)
  A bush (Lair:6)
  25 fungi
  15 plants
  16 toadstools
65 creatures vanquished.

Grand Total: 1350 creatures vanquished

Notes
Turn   | Place    | Note
-------+----------+-------------------------------------------
     0 | D:1      | FeloniousTub the Minotaur Berserker began the quest for the
                  | Orb.
     0 | D:1      | Reached XP level 1. HP: 19/19 MP: 0/0
   218 | D:1      | Reached XP level 2. HP: 9/27 MP: 1/1
   490 | D:1      | Reached skill level 4 in Axes
   786 | D:1      | Reached XP level 3. HP: 32/33 MP: 2/2
  1266 | D:2      | Found a shattered altar of Ashenzari.
  1269 | D:2      | Reached ** piety under Trog
  1489 | D:2      | Found a shadowy altar of Dithmenos.
  1517 | D:2      | Reached XP level 4. HP: 37/40 MP: 3/3
  2403 | D:3      | Noticed a centaur
  2411 | D:3      | Killed a centaur
  2411 | D:3      | Reached skill level 5 in Axes
  2411 | D:3      | Reached skill level 1 in Shields
  2411 | D:3      | Reached XP level 5. HP: 35/47 MP: 4/4
  2626 | D:3      | Noticed Grinder
  2629 | D:3      | Paralysed by Grinder for 3 turns
  2649 | D:3      | Killed Grinder
  2649 | D:3      | Reached XP level 6. HP: 29/55 MP: 5/5
  2918 | D:3      | Noticed Natasha
  2923 | D:3      | Killed Natasha
  2923 | D:3      | Reached skill level 6 in Axes
  3028 | D:3      | Noticed Natasha
  3034 | D:3      | Killed Natasha
  3034 | D:3      | Reached skill level 5 in Fighting
  3074 | D:3      | Noticed Ijyb
  3093 | D:3      | Killed Ijyb
  3210 | D:3      | Noticed Natasha
  3218 | D:3      | Killed Natasha
  3282 | D:4      | Found an opulent altar of Gozag.
  3343 | D:4      | Reached *** piety under Trog
  3343 | D:4      | Reached XP level 7. HP: 53/61 MP: 6/6
  3472 | D:4      | Found a basalt altar of Yredelemnul.
  3901 | D:5      | Entered Level 5 of the Dungeon
  3902 | D:5      | Noticed Dowan
  3902 | D:5      | Noticed Duvessa
  3914 | D:5      | Killed Dowan
  3920 | D:5      | Killed Duvessa
  3920 | D:5      | Reached skill level 7 in Axes
  4045 | D:5      | Reached skill level 1 in Evocations
  4071 | D:5      | Reached skill level 5 in Armour
  4094 | D:5      | Reached XP level 8. HP: 58/70 MP: 8/8
  4220 | D:5      | Found a runed translucent door.
  4221 | D:5      | Noticed Crazy Yiuf
  4234 | D:5      | Killed Crazy Yiuf
  4302 | D:5      | Reached skill level 5 in Dodging
  4448 | D:5      | Reached skill level 8 in Axes
  4480 | D:5      | Reached **** piety under Trog
  5079 | D:5      | Found a bloodstained altar of Trog.
  5207 | D:5      | Found a burning altar of Makhleb.
  5207 | D:5      | Found a glowing golden altar of the Shining One.
  5343 | D:6      | Reached XP level 9. HP: 75/78 MP: 8/10
  5455 | D:6      | Reached skill level 9 in Axes
  5455 | D:6      | Reached skill level 5 in Shields
  5456 | D:6      | Found a staircase to the Ecumenical Temple.
  5522 | D:6      | Found a shimmering altar of Xom.
  6700 | D:8      | Found a stormy altar of Qazlal.
  6732 | D:8      | Reached ***** piety under Trog
  6732 | D:8      | Received a gift from Trog
  6874 | D:8      | Reached skill level 10 in Axes
  7155 | D:8      | Found a roughly hewn altar of Beogh.
  7517 | D:9      | Reached XP level 10. HP: 67/86 MP: 10/12
  7716 | D:9      | Received a gift from Trog
  8015 | D:9      | Found a staircase to the Lair.
  8066 | D:9      | Found a radiant altar of Vehumet.
  8101 | D:9      | Noticed a two-headed ogre
  8106 | D:9      | Killed a two-headed ogre
  8106 | D:9      | Reached skill level 11 in Axes
  8540 | D:9      | Reached skill level 5 in Evocations
  8740 | D:9      | Reached XP level 11. HP: 85/95 MP: 13/13
  8816 | D:10     | Entered Level 10 of the Dungeon
  9020 | D:10     | Received a gift from Trog
  9310 | D:10     | Noticed a two-headed ogre
  9317 | D:10     | Killed a two-headed ogre
  9481 | D:10     | Reached skill level 12 in Axes
  9543 | D:10     | You fall into a shaft and drop 1 floor!
  9822 | D:11     | Noticed a purple ugly thing
  9831 | D:11     | Killed a purple ugly thing
  9891 | D:11     | Found a staircase to the Orcish Mines.
 10197 | D:11     | Noticed Gastronok
 10213 | D:11     | Killed Gastronok
 10345 | D:11     | Noticed Grum
 10523 | D:11     | Killed Grum
 10776 | Lair:1   | Entered Level 1 of the Lair of Beasts
 10811 | Lair:1   | Noticed a four-headed hydra
 10814 | Lair:1   | Killed a four-headed hydra
 10859 | Lair:1   | Noticed a four-headed hydra
 10865 | Lair:1   | Killed a five-headed hydra
 10896 | Lair:1   | Received a gift from Trog
 10947 | Lair:1   | Reached skill level 13 in Axes
 10947 | Lair:1   | Reached XP level 12. HP: 106/106 MP: 15/15
 11157 | Lair:1   | Found a gate leading to a gauntlet.
 11162 | Gauntlet | Entered a Gauntlet
 11162 | Gauntlet | Found a transporter.
 11162 | Gauntlet | Found a transporter.
 11180 | Gauntlet | Found a transporter.
 11184 | Gauntlet | Found a transporter.
 11192 | Gauntlet | Found a transporter.
 11196 | Gauntlet | Found a transporter.
 11209 | Gauntlet | Found a transporter.
 11220 | Gauntlet | Found a transporter.
 11220 | Gauntlet | Noticed a death yak
 11222 | Gauntlet | Noticed a death yak
 11223 | Gauntlet | Noticed a death yak
 11223 | Gauntlet | Noticed a death yak
 11223 | Gauntlet | Noticed a death yak
 11224 | Gauntlet | Noticed a death yak
 11234 | Gauntlet | Found a transporter.
 11238 | Gauntlet | Found a transporter.
 11246 | Gauntlet | Found a transporter.
 11250 | Gauntlet | Found a transporter.
 11307 | Gauntlet | Reached skill level 10 in Fighting
 11505 | Gauntlet | Got a crystal executioner's axe
 11614 | Gauntlet | Noticed a minotaur
 11627 | Gauntlet | Killed a minotaur
 12054 | Lair:1   | Reached skill level 10 in Armour
 12086 | Lair:1   | You fall into a shaft and drop 1 floor!
 12212 | Lair:2   | Noticed a queen ant
 12232 | Lair:2   | Killed a queen ant
 12485 | Lair:2   | Received a gift from Trog
 12485 | Lair:2   | Reached skill level 14 in Axes
 12635 | Lair:2   | Found a staircase to the Snake Pit.
 12711 | Lair:2   | Found a staircase to the Shoals.
 12836 | Lair:2   | Noticed Prince Ribbit
 12844 | Lair:2   | Killed Prince Ribbit
 12908 | Lair:2   | Reached XP level 13. HP: 115/115 MP: 17/17
 13777 | Lair:3   | Reached skill level 10 in Shields
 13901 | Lair:3   | Received a gift from Trog
 14257 | Lair:3   | Reached skill level 10 in Dodging
 14703 | Lair:4   | Found a shattered altar of Ashenzari.
 14842 | Lair:4   | HP: 3/116 [nine-headed hydra (6)]
 15468 | Lair:4   | Noticed a dire elephant
 15495 | Lair:4   | Found a runed translucent door.
 15871 | Lair:4   | Killed a dire elephant
 15871 | Lair:4   | Reached skill level 1 in Short Blades
 15871 | Lair:4   | Reached skill level 15 in Axes
 16110 | Lair:4   | Got a translucent lapis lazuli ring
 16171 | Lair:4   | Got a smoking falchion
 16172 | Lair:4   | Identified the +9 falchion of Qoudut {vorpal, Int+6} (You
                  | found it on level 4 of the Lair of Beasts)
 16391 | Lair:5   | Identified the Grimoire of Supportive Enchantment
 16717 | Lair:5   | Identified the ring of Contention {rElec rPois rF+ rC+
                  | Dex+2} (You found it on level 4 of the Lair of Beasts)
 16838 | Lair:5   | Received a gift from Trog
 17467 | Lair:6   | Entered Level 6 of the Lair of Beasts
 17609 | Lair:6   | Reached XP level 14. HP: 45/125 MP: 19/19
 18511 | Lair:6   | Received a gift from Trog
 18594 | Lair:6   | Found a burning altar of Makhleb.
 18632 | Lair:6   | Reached skill level 16 in Axes
 18777 | Lair:6   | Found a gateway to Hell.
 18787 | Hell     | Entered the Vestibule of Hell
 18787 | Hell     | Noticed Geryon
 18787 | Hell     | Noticed a reaper
 19466 | Lair:6   | Found a staircase to the Slime Pits.
 20077 | D:12     | Found a shattered altar of Ashenzari.
 20209 | D:12     | Received a gift from Trog
 20234 | D:12     | Noticed Fannar
 20247 | D:12     | Killed Fannar
 20496 | Orc:1    | Entered Level 1 of the Orcish Mines
 21028 | Orc:2    | Entered Level 2 of the Orcish Mines
 21033 | Orc:2    | Noticed a stone giant
 21045 | Orc:2    | Found a roughly hewn altar of Beogh.
 21046 | Orc:2    | Found a staircase to the Elven Halls.
 21061 | Orc:2    | Killed a stone giant
 21325 | Orc:2    | Received a gift from Trog
 21342 | Orc:2    | Reached XP level 15. HP: 50/134 MP: 20/20
 21413 | Orc:2    | Paralysed by an ogre mage for 4 turns
 22083 | Orc:2    | Found Juyqih's Food Shop.
 22083 | Orc:2    | Found Qerue's General Store.
 22084 | Orc:2    | Found Rongaof's Gadget Shoppe.
 22084 | Orc:2    | Found Hiupigg's Weapon Boutique.
 22469 | D:13     | Received a gift from Trog
 22469 | D:13     | Reached skill level 17 in Axes
 23410 | D:14     | Found Vidgh's General Store.
 23810 | D:14     | Noticed Snorg
 23821 | D:14     | Killed Snorg
 23847 | D:14     | Received a gift from Trog
 23857 | D:14     | Noticed Jorgrun
 23865 | D:14     | Killed Jorgrun
 24319 | D:14     | Found a gate to the Vaults.
 24600 | D:15     | Entered Level 15 of the Dungeon
 24619 | D:15     | Found a staircase to the Depths.
 24642 | D:15     | HP: 5/136 [jiangshi[a vampire mage] (6)]
 25125 | D:15     | Reached skill level 10 in Evocations
 25207 | D:15     | Received a gift from Trog
 25207 | D:15     | Reached XP level 16. HP: 120/144 MP: 22/22
 25571 | D:15     | Reached skill level 18 in Axes
 25982 | Snake:1  | Entered Level 1 of the Snake Pit
 27259 | Snake:2  | Received a gift from Trog
 27876 | Snake:2  | Found a flickering gateway to a bazaar.
 27884 | Bazaar   | Entered a bazaar
 27884 | Bazaar   | Found Inlaawn's General Store.
 27888 | Bazaar   | Bought a scroll of holy word for 105 gold pieces
 27888 | Bazaar   | Bought a potion of heal wounds for 70 gold pieces
 27891 | Bazaar   | Found Galuta's Antique Weapon Shoppe.
 27899 | Bazaar   | Found Paluab's Jewellery Shoppe.
 27907 | Bazaar   | Bought an uncursed amulet of the gourmand for 300 gold
                  | pieces
 27907 | Bazaar   | Bought the amulet of Kuts {Faith rPois Str+4} for 596 gold
                  | pieces
 27921 | Bazaar   | Found Ligoq's Antique Armour Boutique.
 27933 | Bazaar   | Found Woanixie's Distillery.
 27941 | Bazaar   | Bought a potion of heal wounds for 45 gold pieces
 27941 | Bazaar   | Bought a potion of heal wounds for 45 gold pieces
 27941 | Bazaar   | Bought 2 potions of heal wounds for 90 gold pieces
 27941 | Bazaar   | Bought 2 potions of heal wounds for 90 gold pieces
 27941 | Bazaar   | Bought a potion of lignification for 27 gold pieces
 27941 | Bazaar   | Bought a potion of curing for 27 gold pieces
 27941 | Bazaar   | Bought a potion of heal wounds for 45 gold pieces
 28568 | Snake:3  | Received a gift from Trog
 28608 | Snake:3  | Noticed Aizul
 28631 | Snake:3  | Killed Aizul
 28631 | Snake:3  | Reached XP level 17. HP: 56/154 MP: 24/24
 29665 | Snake:3  | Found Vaitukam's Armour Shoppe.
 30043 | Snake:4  | Entered Level 4 of the Snake Pit
 30043 | Snake:4  | Noticed Donald
 30052 | Snake:4  | Killed Donald
 30075 | Snake:4  | Noticed Mara
 30078 | Snake:4  | Noticed FeloniousTub's illusion
 30094 | Snake:4  | Killed Mara
 30265 | Snake:4  | Noticed Agnes
 30267 | Snake:4  | Found a runed translucent gate.
 30285 | Snake:4  | Killed Agnes
 30285 | Snake:4  | Reached skill level 15 in Fighting
 30285 | Snake:4  | Noticed Vashnia
 30307 | Snake:4  | Killed Vashnia
 30314 | Snake:4  | Received a gift from Trog
 30647 | Snake:4  | Found Lianiwuce's Antique Armour Boutique.
 30742 | Snake:4  | Found a runed translucent gate.
 30742 | Snake:4  | Found an opulent altar of Gozag.
 30743 | Snake:4  | Found a runed translucent gate.
 30744 | Snake:4  | Found Ruacefui's Assorted Antiques.
 30745 | Snake:4  | Noticed 2tousent's ghost (adept DrTm)
 30750 | Snake:4  | Found a blossoming altar of Fedhas.
 30972 | Snake:4  | Noticed Nikola
 31102 | Snake:4  | Killed Nikola
 31102 | Snake:4  | Reached skill level 15 in Armour
 31898 | Snake:4  | Received a gift from Trog
 31898 | Snake:4  | Reached skill level 15 in Shields
 32410 | Snake:4  | Received a gift from Trog
 32739 | Snake:4  | Reached XP level 18. HP: 165/165 MP: 26/26
 32824 | Snake:4  | Got a serpentine rune of Zot
 33029 | Shoals:1 | Entered Level 1 of the Shoals
 33522 | Shoals:1 | Received a gift from Trog
 34127 | Shoals:2 | Noticed Kirke
 34157 | Shoals:2 | Killed Kirke
 34361 | Shoals:2 | You fall into a shaft and drop 1 floor!
 35065 | Shoals:3 | Received a gift from Trog
 35560 | Shoals:3 | Cast into level 2 of the Abyss (satyr)
 35626 | Abyss:2  | Noticed a bone dragon
 35685 | Shoals:3 | Escaped the Abyss
 36425 | Shoals:4 | Entered Level 4 of the Shoals
 36494 | Shoals:4 | Reached skill level 15 in Dodging
 36547 | Shoals:4 | Received a gift from Trog
 37085 | Shoals:4 | Found Poycloid's General Store.
 37114 | Shoals:4 | Bought a scroll of teleportation for 33 gold pieces
 37114 | Shoals:4 | Bought a potion of lignification for 33 gold pieces
 37566 | Shoals:4 | Got a barnacled rune of Zot
 37925 | Depths:1 | Entered Level 1 of the Depths
 37932 | Depths:1 | Received a gift from Trog
 37948 | Depths:1 | Reached XP level 19. HP: 174/174 MP: 27/27
 38707 | Depths:1 | Received a gift from Trog
 38715 | Depths:1 | Reached ****** piety under Trog
 39194 | Depths:2 | Noticed a golden dragon
 39225 | Depths:2 | Killed a golden dragon
 39256 | Depths:2 | Mangled by a deep troll shaman

Levels and vault maps discovered:
D:1:      dpeg_arrival_chase, layout_basic, minmay_gold_behind_fungi
D:2:      layout_basic, lemuel_crystal_altar, lemuel_crystal_altar
D:3:      layout_loops_corners, kennysheep_cluttered_room, uniq_natasha,
          uniq_ijyb, uniq_grinder
D:4:      layout_gridville, nicolae_gozag_seed_capital,
          yredelemnul_altar_generic, first_ration
D:5:      minmay_recursive_quarters, layout_basic, trog_eyes_of_draining,
          gammafunk_temple_overflow_wave, minmay_misc_feat_encased,
          roderic_batcave, uniq_crazy_yiuf_cottage, uniq_duvessa
D:6:      layout_loops_ring, xom_confusion_cloud,
          minmay_temple_entry_sparse_star
D:7:      layout_basic, minmay_misc_feat_doors
D:8:      layout_basic, nicolae_qazlal_style_of_elements, special_room
          [special_room_orc]
D:9:      layout_basic, vehumet_statue, due_lair_maze_entry_diamond,
          grunt_pizzeria, corexii_leaking_fountain
D:10:     layout_cave_pools, kennysheep_potato
D:11:     layout_roguey, orc_0_dummy, serial_rivers,
          chequers_serial_rivers_marsh, chequers_serial_rivers_room_b,
          chequers_serial_rivers_room_a, chequers_serial_rivers_micro_c,
          uniq_gastronok, uniq_grum
D:12:     lemuel_ice_spiral_2, layout_rooms, evilmike_ruin_ashenzari,
          uniq_fannar
D:13:     layout_basic, roderic_serpentine_path
D:14:     layout_basic, grunt_vaults_entry_fortified, serial_shops, shop,
          minmay_misc_feat_hallway, corexii_hall_statues_l, ldierk_geyser,
          uniq_snorg, uniq_jorgrun
D:15:     gammafunk_depths_entry_grave, layout_basic, hangedman_decor_points
Lair:1:   layout_roguey, gauntlet_entry_generic, grunt_megastairs_3
Lair:2:   layout_layer_cave, elwin_shoals_entry_rocks,
          minmay_snake_entry_six_corridors, zaba_anthell, uniq_prince_ribbit2
Lair:3:   dpeg_oklob_gauntlet, layout_chaotic_city
Lair:4:   gammafunk_lair_enchanted_lake, layout_big_grid, basic_altar,
          nicolae_lair_grove_arrangements, minivault_19,
          nicolae_quartered_pool_medium
Lair:5:   layout_long_grid, special_room [special_room_bee], grunt_megastairs_1,
          infiniplex_staircase_pool
Lair:6:   evil_forest, layout_loops_ring, dpeg_slime_entry_corner
Shoals:1: layout_shoals
Shoals:2: layout_shoals, uniq_kirke, uniq_roxanne, uniq_ilsuiw
Shoals:3: layout_shoals, st_cyclops
Shoals:4: shoals_end_simple, layout_shoals, serial_shops, nicolae_shop_crystal,
          nicolae_shoals_circle_sea_wall
Snake:1:  layout_grid_maze
Snake:2:  layout_honeycomb, serial_shops, bzr_entry_water, guppyfry_snake_island
Snake:3:  layout_honeycomb, serial_shops, shop, nrook_guardian_serpent_ordinary,
          lemuel_fruit_tree, serial_bayou_shore_a, uniq_aizul
Snake:4:  snake_pit, layout_misc_corridors, basic_altar, ebering_ghost_gozag,
          grunt_ministairs_15, guppyfry_library_mini, minmay_shop_star,
          uniq_vashnia, uniq_donald, uniq_nikola, uniq_agnes, uniq_mara
Orc:1:    layout_caves
Orc:2:    st_orc_ogre_mass, layout_caves, basic_altar
Depths:1: layout_cave_pools, hangedman_geh_valley, corexii_hall_statues_i,
          lemuel_statue_altar, kennysheep_random_hallway
Depths:2: minmay_expanding_squares, layout_basic, nicolae_lava_and_water,
          serial_shops, nicolae_shop_crystal, lightli_too_deep, abyss_entry,
          hangedman_research_thermodynamics
Hell

Skill      XL: |  1  2  3  4  5  6  7  8  9 10 11 12 13 14 15 16 17 18 19 |
---------------+----------------------------------------------------------+-----
Axes           | 4 5 6 7 8 10 11 13 14 15 16 17 18 | 18.0
Fighting       | 4 5 6 7 8 9 10 11 12 13 14 15 16 17 | 17.2
Armour         | 3 4 5 6 7 8 9 10 11 12 13 14 15 16 17 | 17.0
Dodging        | 3 4 5 6 7 8 9 10 11 12 13 14 15 | 15.8
Shields        | 1 2 3 4 6 7 8 9 11 12 14 15 16 | 16.8
Evocations     | 1 2 4 5 6 7 8 9 10 11 12 13 | 13.3
Short Blades   | 2 3 |  3.8

Action                   |  1- 3 |  4- 6 |  7- 9 | 10-12 | 13-15 | 16-18 | 19-21 || total
-------------------------+-------+-------+-------+-------+-------+-------+-------++-------
Melee: Hand axe          |    85 |    75 |   352 |       |       |       |       ||   512
       Headbutt          |    19 |    13 |   110 |   138 |   365 |   353 |    65 ||  1063
       Battleaxe         |       |     9 |       |       |       |       |       ||     9
       Broad axe         |       |       |   107 |   598 |  1137 |  1417 |   184 ||  3443
       Dagger            |       |       |       |       |    37 |       |       ||    37
       War axe           |       |       |       |       |    18 |       |       ||    18
       Unarmed           |       |       |       |       |       |    21 |       ||    21
Invok: Berserk           |       |     1 |     1 |     7 |    10 |    14 |     3 ||    36
       Brothers in Arms  |       |       |       |     2 |     3 |       |     1 ||     6
       Trog's Hand       |       |       |       |     1 |     1 |     1 |       ||     3
  Use: Scroll            |       |       |    19 |     1 |    18 |    12 |       ||    50
       Potion            |       |       |     2 |       |    10 |    11 |     2 ||    25
 Stab: Distracted        |       |       |       |       |       |     1 |     1 ||     2
  Eat: Chunk             |     2 |     6 |    11 |    25 |    39 |    21 |     4 ||   108
       Ration            |       |       |     1 |     1 |     4 |    11 |       ||    17
Armor: Animal skin       |     6 |       |       |       |       |       |       ||     6
       Ring mail         |    16 |       |       |       |       |       |       ||    16
       Scale mail        |     3 |    22 |   139 |       |       |       |       ||   164
       Plate armour      |       |       |    36 |   213 |   530 |   430 |    63 ||  1272
Dodge: Dodged            |    49 |    50 |   140 |   114 |   324 |   459 |    81 ||  1217
Block: Buckler           |       |     9 |    43 |       |       |       |       ||    52
       Large shield      |       |       |   157 |   585 |  1172 |  1619 |   193 ||  3726

Table legend:
 A = Non-vault XP
 B = Vault XP
 C = Vault XP percentage of total XP
 D = Non-vault monster count
 E = Vault monster count
 F = Vault count percentage of total count
                 A         B        C        D         E       F
            +---------+---------+-------+---------+---------+-------
      Total |  253686 |  175004 |  40.8 |     882 |     387 |  30.5
            +---------+---------+-------+---------+---------+-------
        D:1 |      52 |       0 |   0.0 |      27 |       0 |   0.0
        D:2 |      63 |       0 |   0.0 |      18 |       0 |   0.0
        D:3 |     211 |     335 |  61.4 |      14 |       3 |  17.6
        D:4 |     261 |       0 |   0.0 |      11 |       0 |   0.0
        D:5 |     991 |     632 |  38.9 |      27 |      24 |  47.1
        D:6 |     882 |     101 |  10.3 |      18 |       2 |  10.0
        D:7 |     826 |       0 |   0.0 |      16 |       0 |   0.0
        D:8 |     663 |     237 |  26.3 |      24 |      26 |  52.0
        D:9 |    4266 |    1491 |  25.9 |      40 |      12 |  23.1
       D:10 |    2710 |       0 |   0.0 |      23 |       0 |   0.0
       D:11 |    2699 |    2803 |  50.9 |      28 |       5 |  15.2
       D:12 |    1093 |    1012 |  48.1 |      15 |       1 |   6.2
       D:13 |    4971 |       0 |   0.0 |      31 |       0 |   0.0
       D:14 |   12657 |   10481 |  45.3 |      54 |      12 |  18.2
       D:15 |   11977 |    7218 |  37.6 |      33 |       8 |  19.5
     Lair:1 |    5630 |    1135 |  16.8 |      28 |       5 |  15.2
     Lair:2 |    1839 |    6548 |  78.1 |      12 |      62 |  83.8
     Lair:3 |    5986 |       0 |   0.0 |      25 |       0 |   0.0
     Lair:4 |    2923 |    5434 |  65.0 |       9 |      10 |  52.6
     Lair:5 |    2396 |    2857 |  54.4 |      12 |      18 |  60.0
     Lair:6 |   16772 |   11050 |  39.7 |      55 |      26 |  32.1
   Shoals:1 |   11427 |       0 |   0.0 |      24 |       0 |   0.0
   Shoals:2 |    6012 |    2888 |  32.4 |      14 |       5 |  26.3
   Shoals:3 |   22052 |    4210 |  16.0 |      43 |       8 |  15.7
   Shoals:4 |   10161 |   17778 |  63.6 |      21 |      27 |  56.2
    Snake:1 |   11007 |       0 |   0.0 |      23 |       0 |   0.0
    Snake:2 |   34588 |    1510 |   4.2 |      65 |       3 |   4.4
    Snake:3 |   19616 |    2555 |  11.5 |      35 |       3 |   7.9
    Snake:4 |    4451 |   58053 |  92.9 |       9 |      60 |  87.0
      Orc:1 |    3449 |       0 |   0.0 |      31 |       0 |   0.0
      Orc:2 |    5206 |   17281 |  76.8 |      36 |      34 |  48.6
   Depths:1 |   40233 |    4581 |  10.2 |      50 |       7 |  12.3
   Depths:2 |    2258 |   10877 |  82.8 |       5 |       8 |  61.5
    Abyss:2 |    2822 |       0 |   0.0 |       4 |       0 |   0.0
   Gauntlet |     536 |    3937 |  88.0 |       2 |      18 |  90.0
            +---------+---------+-------+---------+---------+-------
